 Dungeon Crawl Stone Soup version 0.22-a0-185-ge330310 (webtiles) character file.

29 vishdafish the Skirmisher (level 3, 24/29 HPs)
             Began as a Demonspawn Fighter on Feb 15, 2018.
             Quit the game on level 1 of the Dungeon.
             The game lasted 00:00:35 (407 turns).

vishdafish the Skirmisher (Demonspawn Fighter)       Turns: 407, Time: 00:00:35

Health: 24/29      AC:  6    Str: 16    XL:     3   Next: 1%
Magic:  3/3        EV:  6    Int: 10    God:
Gold:   0          SH:  8    Dex: 12    Spells: 2/2 levels left

rFire    . . .     SeeInvis .   a - +0 long sword
rCold    . . .     Gourm    .   c - +0 shield
rNeg     . . .     Faith    .   b - +0 scale mail
rPois    .         Spirit   .   (no helmet)
rElec    .         Reflect  .   (no cloak)
rCorr    .         Harm     .   (no gloves)
MR       .....                  (no boots)
Stlth    ..........             (no amulet)
HPRegen  0.09/turn              (no ring)
MPRegen  0.08/turn              (no ring)

@: no status effects
A: sanguine armour 2
a: no special abilities


You were on level 1 of the Dungeon.
You were not hungry.

You visited 1 branch of the dungeon, and saw 1 of its levels.

Inventory:

Hand Weapons
 a - a +0 long sword (weapon)
Armour
 b - a +0 scale mail (worn)
 c - a +0 shield (worn)
Scrolls
 e - a scroll of enchant armour {unknown}
 g - a scroll of teleportation {unknown}
Potions
 d - a potion of might
Comestibles
 f - 2 rations


   Skills:
 + Level 3.2 Fighting
 * Level 2.4 Long Blades
 + Level 2.9 Armour
 + Level 2.9 Shields


You had 2 spell levels left.
You didn't know any spells.

Dungeon Overview and Level Annotations

Branches:
Dungeon (1/15)

Altars:


Innate Abilities, Weirdness & Mutations

When seriously injured, your bleeding wounds create thick armour. (AC +0)


Message History

Found a chain mail.
Things that are here:
a club; a hobgoblin corpse A goblin comes into view.
The goblin shouts!
A goblin is nearby!
You see here 4 gold pieces.
The goblin hits you.
You barely miss the goblin. The goblin hits you but does no damage.
Your shield and scale mail prevent you from hitting the goblin.
The goblin closely misses you.
You riposte.
You barely miss the goblin. The goblin hits you.
You slash the goblin!
You kill the goblin!
You have reached level 3!
Your experience leads to an increase in your attributes!
Increase (S)trength, (I)ntelligence, or (D)exterity?
You feel clever.
Your demonic ancestry asserts itself...
You feel your blood thicken.
Are you sure you want to abandon this character and quit the game? (Confirm with "yes".)

# # . . #.# . .##. #.#
#####+####. ....##..
#......... .......
#........# .....##
#........# #...
#......†.# #..#
#......@.# #..'
#.....%..#############+#
##......$$.#............
#.........#............
#.[.......#............
#.........#............
#......................
######.................
#.................


There were no monsters in sight!

Vanquished Creatures
  A ball python (D:1)
  8 goblins (D:1)
  6 hobgoblins (D:1)
  3 kobolds (D:1)
  5 bats (D:1)
23 creatures vanquished.

Notes
Turn   | Place    | Note
-------+----------+-------------------------------------------
     0 | D:1      | vishdafish the Demonspawn Fighter began the quest for the Orb.
     0 | D:1      | Reached XP level 1. HP: 18/18 MP: 1/1
   160 | D:1      | Gained mutation: When seriously injured, your bleeding wounds create armour. (AC +0) [demonic ancestry]
   160 | D:1      | Reached XP level 2. HP: 21/24 MP: 2/2
   406 | D:1      | Gained mutation: When seriously injured, your bleeding wounds create thick armour. (AC +0) [demonic ancestry]
   406 | D:1      | Reached XP level 3. HP: 24/29 MP: 3/3
   407 | D:1      | Quit the game

Vault maps used:
D:1:      lemuel_arrival_tunnels

Skill      XL: |  1 |
---------------+----+-----
Long Blades    | 2 |  2.4
Fighting       | |  3.2
Armour         | |  2.9
Shields        | |  2.9

Action                   || total
-------------------------++-------
Melee: Long sword        ||    51
Armor: Scale mail        ||    35
Dodge: Dodged            ||    19
Block: Shield            ||    28
       Rpst.: Long sword ||     8

Table legend:
 A = Spawn XP
 B = Non-spawn XP
 C = Spawn XP percentage of total XP
 D = Spawn monster count
 E = Non-spawn monster count
 F = Spawn count percentage of total count
 G = Total turns spent on level
                    A         B        C        D         E        F      G
               +---------+---------+-------+---------+---------+-------+---------
         Total |       0 |      42 |   0.0 |       0 |      23 |   0.0 |   407
               +---------+---------+-------+---------+---------+-------+---------
           D:1 |       0 |      42 |   0.0 |       0 |      23 |   0.0 |   407
               +---------+---------+-------+---------+---------+-------+---------
